Match 25443594
Unlisted

Match 25443594
End
Selects Italian Coastal Battlegroup
Selects Coastal Reserves
Coastal Reserve
Kettenkrad Recon Vehicle
Coastal Reserve
Construct Infanterie Kompanie
MG 42 Machine Gun Team
Construct Panzergrenadier Kompanie
Pak 40 Anti-tank Gun Team
Selects Artillery Officer
Artillery Officer
Medical Bunker
Pak 40 Anti-tank Gun Team
Selects Designate Defensive Line
MG 42 Bunker
Construct Panzer Kompanie
MG 42 Bunker
Selects Designated Artillery Overwatch
Selects Call the Reserves!
MG 42 Bunker
Panzer IV Medium Tank
Selects Obice da 210/22 Artillery Emplacement
Ol' Wheeler
Not vincentbui
Cylar
enoc
Меткић'94
YangXYZ
魔鬼筋肉人
StephennJF
0
0

Comments sign in to comment!

No comments posted yet!